 Dungeon Crawl Stone Soup version 0.29.1-2-gbd0b4ee654 (webtiles) character file.

Game seed: 9368681258352038909

46 DemonSlayer the Firebug (level 3, -8/24 HPs)
             Began as a Demonspawn Fire Elementalist on Nov 8, 2022.
             Mangled by Terence
             ... wielding a +0 flail
              (10 damage)
             ... on level 2 of the Dungeon.
             The game lasted 00:03:33 (2271 turns).

DemonSlayer the Firebug (DsFE)                      Turns: 2271, Time: 00:03:33

Health: -8/24      AC:  3    Str:  6 (8)  XL:     3   Next: 46%
Magic:  1/7        EV: 12    Int: 17 (18) God:
Gold:   78         SH:  0    Dex: 12 (13) Spells: 1/7 levels left

rFire   . . .      SeeInvis .   i - +1 short sword (flame)
rCold   . . .      Faith    .   (no shield)
rNeg    . . .      Spirit   .   a - +0 robe
rPois   .          Reflect  .   f - +0 helmet
rElec   .          Harm     .   (no cloak)
rCorr   .          Rampage  .   (no gloves)
Will    .....                   (no boots)
Stlth   ++........              (no amulet)
HPRegen 0.08/turn               (no ring)
MPRegen 0.10/turn               (no ring)

@: no status effects
A: demonic touch 1
a: no special abilities


You were on level 2 of the Dungeon.
You visited 1 branch of the dungeon, and saw 2 of its levels.

You collected 78 gold pieces.

Inventory:

Hand Weapons
 i - a +1 short sword of flaming (weapon)
Armour
 a - a +0 robe (worn)
 f - a +0 helmet (worn)
Scrolls
 c - a scroll of noise {unknown}
 d - 2 scrolls of teleportation {unknown}
 g - a scroll of amnesia {unknown}
Potions
 b - a potion of magic
 h - a potion of flight {unknown}


   Skills:
 + Level 0.1 Maces & Flails
 + Level 2.0 Dodging
 + Level 2.2 Stealth
 + Level 0.3 Unarmed Combat
 + Level 2.7 Spellcasting
 + Level 1.2 Conjurations
 + Level 3.0 Fire Magic


You had one spell level left.
You knew the following spells:

 Your Spells              Type           Power      Damage    Failure   Level
a - Foxfire               Conj/Fire      36%        2x1d5     8%          1
b - Scorch                Fire           24%        2d6       8%          2
c - Conjure Flame         Conj/Fire      9%         6-21      22%         3

Your spell library contained the following spells:

 Spells                   Type           Power      Damage    Failure   Level
 Inner Flame              Hex/Fire       7%         N/A       28%         3
 Flame Wave               Conj/Fire      9%         2d6       58%         4


Dungeon Overview and Level Annotations

Branches:
Dungeon (2/15)

Altars:

Shops:
D:1 (

Annotations:
D:2 Terence


Innate Abilities, Weirdness & Mutations

Your touch may inflict minor irresistible damage on your foes.


Message History

Terence is moderately wounded.
Terence hits you with a +0 flail.
You barely miss Terence. Your touch misses Terence.
Terence is moderately wounded.
Terence completely misses you.
Flames lash Terence but do no damage.
Terence completely misses you.
You hit Terence but do no damage.
You touch Terence!
Terence is severely wounded.
Terence barely misses you. Terence hits you but does no damage.
You hit Terence but do no damage. You punch Terence, but do no damage.
Terence is severely wounded.
Terence hits you with a +0 flail.
You hit Terence but do no damage.
Terence is severely wounded.
The giant cockroach barely misses you. Terence hits you with a +0 flail.
The giant cockroach misses you.
Your magical contamination has completely faded away.
The giant cockroach attacks as you move away!
The giant cockroach closely misses you. Terence attacks as you move away!
Terence hits you but does no damage.
You see here a scroll labelled DICUUV ATECEK.
You completely miss the giant cockroach.
You touch the giant cockroach.
You kill the giant cockroach!
You barely miss Terence.
Terence is severely wounded.
Terence hits you with a +0 flail.
You hit Terence. You burn Terence. Your touch misses Terence.
Terence is almost dead.
Terence hits you with a +0 flail.
* * * LOW HITPOINT WARNING * * *
It was a potion of degeneration.
There was something very wrong with that liquid.
You feel weakened.
You feel dopey.
You feel clumsy. Terence hits you with a +0 flail.
* * * LOW HITPOINT WARNING * * *
You hit Terence. You burn Terence. Your touch misses Terence.
Terence is almost dead.
Terence hits you with a +0 flail!
You die...

.#######.....##@.#
.......<.........#
######.#...#.##.#
#..B....##.###########
###.#.#.##..........)#
#...#.############.#
#...............#.#
####@##########.#.#
#########@##########.#.#
#.)..†..).##...........###
.......#######.##..............
####### #.##..######.####.
#.##..# #.# #. #.##..# #.# #.
##.##..######.# #.
#...>.........# #.
#.####.####..## #.


You could see Terence.

Vanquished Creatures
  4 dart slugs (D:1)
  5 endoplasms
  2 giant cockroaches (D:2)
  5 hobgoblins
  A kobold (D:2)
  A quokka (D:1)
  4 ball pythons (D:1)
  A bat (D:2)
  7 frilled lizards
  3 goblins
  4 rats (D:1)
37 creatures vanquished.

Vanquished Creatures (collateral kills)
  2 foxfires (D:1)
2 creatures vanquished.

Vanquished Creatures (others)
  86 foxfires (D:1)
86 creatures vanquished.

Grand Total: 125 creatures vanquished

Notes
Turn   | Place    | Note
-------+----------+-------------------------------------------
     0 | D:1      | DemonSlayer the Demonspawn Fire Elementalist began the
                  | quest for the Orb.
     0 | D:1      | Reached XP level 1. HP: 13/13 MP: 3/3
   332 | D:1      | Discovered your monstrous ancestry.
   332 | D:1      | Gained mutation: Your touch may inflict minor irresistible
                  | damage on your foes. [demonic ancestry]
   332 | D:1      | Reached XP level 2. HP: 7/19 MP: 1/5
   335 | D:1      | Learned a level 2 spell: Scorch
   844 | D:1      | Found Ramn's Antique Weapon Shop.
  1209 | D:1      | Reached skill level 3 in Fire Magic
  1623 | D:1      | Reached XP level 3. HP: 20/24 MP: 1/6
  1874 | D:1      | Learned a level 3 spell: Conjure Flame
  1906 | D:2      | Noticed Terence
  2271 | D:2      | Mangled by Terence

Illustrated notes

Levels and vault maps discovered:
D:1:      tarquinn_simple_flora_water_a, layout_loops_ring, serial_shops, shop,
          nicolae_wormholes
D:2:      layout_loops_ring, basic_altar, uniq_jessica, uniq_terence

Skill      XL: |  1  2  3 |
---------------+----------+-----
Stealth        | 2 |  2.2
Fire Magic     | 3 |  3.0
Dodging        | 2 |  2.0
Maces & Flails | |  0.1
Unarmed Combat | |  0.3
Spellcasting   | |  2.7
Conjurations   | |  1.2

Action                   || total
-------------------------++-------
Melee: Unarmed           ||     7
       Whip              ||    17
       Touch             ||     4
       Short sword       ||    18
       Punch             ||     1
 Cast: Foxfire           ||    63
       Scorch            ||    13
  Use: Potion            ||     1
 Stab: Sleeping          ||     1
       Distracted        ||     1
Armor: Robe              ||     4
Dodge: Dodged            ||    29
